 Dungeon Crawl Stone Soup version 0.31-a0-177-g4aa6249778 (webtiles) character file.

Game seed: 9480320794368502616

151 qw the Shooter (level 5, 0/49 HPs)
             Began as a Naga Hunter on June 18, 2023.
             Slain by an orc priest
             ... wielding a +0 flail
              (4 damage)
             ... on level 3 of the Dungeon.
             The game lasted 00:00:39 (1332 turns).

qw the Shooter (Naga Hunter)                        Turns: 1332, Time: 00:00:39

Health: 0/49       AC:  3    Str: 13    XL:     5   Next: 33%
Magic:  5/5        EV:  9    Int: 10    God:
Gold:   130        SH:  0    Dex: 16    Spells: 4/4 levels left

rFire   . . .        Y - +0 shortbow
rCold   . . .        (shield currently unavailable)
rNeg    . . .        c - +0 leather armour
rPois   +            (no helmet)
rElec   .            (no cloak)
rCorr   .            (no gloves)
SInv    +            (no barding)
Will    .....        (no amulet)
Stlth   ++           (no ring)
HPRegen 0.28/turn    (no ring)
MPRegen 0.09/turn

%: no passive effects
@: short of breath, very slow
A: AC +1, large, see invisible, deformed body, poison resistance, slowness 2,
spit poison 1, naga tail 1
a: Spit Poison


You were on level 3 of the Dungeon.
You visited 1 branch of the dungeon, and saw 3 of its levels.

You collected 130 gold pieces.


Innate Abilities, Weirdness & Mutations

Your serpentine skin is tough. (AC +1)
You have supernaturally acute eyesight. (SInv)
Armour fits poorly on your strangely shaped body.
Your system is resistant to poisons. (rPois)
You cover ground very slowly.
You can spit poison.
You have a snake-like lower body.


   Skills:
 - Level 3.4 Fighting
 + Level 5.2 Ranged Weapons
 - Level 1.5 Dodging
 - Level 1.5 Stealth


You had 4 spell levels left.
You didn't know any spells.
Your spell library was empty.

Inventory:

Hand Weapons
 Y - a +0 shortbow (weapon)
Armour
 c - a +0 leather armour (worn)
Jewellery
 m - a ring of resist corrosion
 n - an amulet of reflection
Scrolls
 a - a scroll of identify
 b - a scroll of vulnerability {unknown}
 g - a scroll of teleportation {unknown}
 o - a scroll of poison {unknown}
Potions
 d - a potion of ambrosia {unknown}
 e - a potion of enlightenment
 f - a potion of brilliance {unknown}
 h - a potion of haste {unknown}
 i - a potion of degeneration {unknown}
 j - a potion of attraction {unknown}
 k - a potion of curing {unknown}
 l - a potion of lignification {unknown}

Dungeon Overview and Level Annotations

Branches:
Dungeon (3/15)

Altars:


Message History

You shoot an arrow. The arrow barely misses the orc priest.
The orc priest invokes the aid of Beogh against you.
Pain shoots through your body!
An orc wizard comes into view. It is wielding a +0 dagger.
The orc wizard casts a spell at you. The magic dart hits you!
You shoot an arrow.
The arrow closely misses the orc wizard.
You have got your breath back.
The orc priest calls down the wrath of Beogh upon you.
Beogh smites you! The orc wizard barely misses you.
1327 ||| INVOKING Spit Poison.
Aiming: Spit Poison (1% risk of failure)
Press: ? - help, Shift-Dir - straight line, f/p - orc wizard The splash of poison hits the orc wizard!
The orc wizard is poisoned.
The orc wizard is heavily wounded.
The orc wizard hits you with a +0 dagger.
You shoot an arrow. The arrow misses the orc wizard.
The orc priest hits you with a +0 flail.
The orc wizard hits you with a +0 dagger.
You shoot an arrow. The arrow hits the orc wizard!
The orc wizard is almost dead.
You kill the orc wizard!
The orc priest hits you with a +0 flail.
You shoot an arrow. The arrow hits the endoplasm.
You kill the endoplasm!
You have got your breath back.
The orc priest hits you with a +0 flail.
1331 ||| INVOKING Spit Poison.
Aiming: Spit Poison (1% risk of failure)
Press: ? - help, Shift-Dir - straight line, f - orc priest The splash of poison hits the orc priest.
The orc priest is lightly wounded.
The orc priest hits you with a +0 flail.
You shoot an arrow. The arrow hits the orc priest!
The orc priest is heavily wounded.
The orc priest hits you with a +0 flail!
The orc priest hits you with a +0 flail.
You die...

##...# #.####. ##..#
#..# #..# ## #..# .
. #..# )# .. #..#
#.#.#
#..##########)..##.#
#.......%...@o.....#
#.#########.##..$...
#...........# ##...
############# #


You could see an orc priest.

Vanquished Creatures
  An orc priest (D:3)
  An orc wizard (D:3)
  2 adders
  A worm (D:2)
  2 dart slugs
  3 orcs (D:3)
  9 ball pythons
  6 bats
  8 endoplasms
  2 giant cockroaches
  4 goblins
  3 hobgoblins
  7 jackals
  3 kobolds
  2 quokkas
  A frilled lizard (D:3)
  3 rats
58 creatures vanquished.

Notes
Turn   | Place    | Note
-------+----------+-------------------------------------------
     0 | D:1      | qw the Naga Hunter began the quest for the Orb.
     0 | D:1      | Reached XP level 1. HP: 19/19 MP: 1/1
     0 | D:1      | 0 ||| qw: Version: 0.3-a-5-g6f28e65
     0 | D:1      | 0 ||| qw: Game counter: 590
     0 | D:1      | 0 ||| qw: Always use a shield: true
     0 | D:1      | 0 ||| qw: God list: Okawaru
     0 | D:1      | 0 ||| qw: Allow faded altars: false
     0 | D:1      | 0 ||| qw: Do Orc after D:15 true
     0 | D:1      | 0 ||| qw: Do second Lair branch before Depths: true
     0 | D:1      | 0 ||| qw: Lair rune preference: random
     0 | D:1      | 0 ||| qw: Plans: Normal
     0 | D:1      | 0 ||| PLANNING D:1-11
    18 | D:1      | 18 ||| INVOKING Spit Poison.
    21 | D:1      | 21 ||| INVOKING Spit Poison.
    25 | D:1      | 25 ||| INVOKING Spit Poison.
    29 | D:1      | 29 ||| INVOKING Spit Poison.
    30 | D:1      | Reached skill level 4 in Ranged Weapons
    30 | D:1      | Reached XP level 2. HP: 18/26 MP: 2/2
    32 | D:1      | 32 ||| INVOKING Spit Poison.
    91 | D:1      | 91 ||| INVOKING Spit Poison.
   103 | D:1      | 103 ||| INVOKING Spit Poison.
   108 | D:1      | 108 ||| INVOKING Spit Poison.
   310 | D:1      | 310 ||| INVOKING Spit Poison.
   316 | D:1      | 316 ||| INVOKING Spit Poison.
   334 | D:1      | 334 ||| INVOKING Spit Poison.
   349 | D:1      | Reached XP level 3. HP: 32/32 MP: 3/3
   355 | D:1      | Found a faded altar of an unknown god.
   534 | D:1      | 534 ||| READING 2 scrolls labelled JESTER SEPLOCI.
   535 | D:1      | 535 ||| READING scroll labelled LATUTO DYGI.
   536 | D:1      | 536 ||| READING scroll labelled MICIEC HEOXZYGH.
   537 | D:1      | 537 ||| READING scroll labelled WIMYKKUKLA.
   538 | D:1      | 538 ||| DROPPING scroll of butterflies.
   568 | D:2      | 568 ||| INVOKING Spit Poison.
   609 | D:2      | 609 ||| INVOKING Spit Poison.
   655 | D:2      | 655 ||| INVOKING Spit Poison.
   664 | D:2      | 664 ||| INVOKING Spit Poison.
   690 | D:2      | 690 ||| INVOKING Spit Poison.
   693 | D:2      | 693 ||| INVOKING Spit Poison.
   696 | D:2      | 696 ||| INVOKING Spit Poison.
   719 | D:2      | 719 ||| INVOKING Spit Poison.
   720 | D:2      | 720 ||| INVOKING Spit Poison.
   769 | D:2      | 769 ||| INVOKING Spit Poison.
   805 | D:2      | 805 ||| INVOKING Spit Poison.
   808 | D:2      | 808 ||| INVOKING Spit Poison.
   809 | D:2      | Reached skill level 5 in Ranged Weapons
   809 | D:2      | Reached XP level 4. HP: 39/39 MP: 4/4
   980 | D:2      | 980 ||| READING scroll labelled NASARO OCAESH.
   981 | D:2      | 981 ||| READING scroll labelled BESCHI QOLIWUOS.
   982 | D:2      | 982 ||| DRINKING 2 coppery potions.
   983 | D:2      | 983 ||| DRINKING 2 yellow potions.
  1023 | D:3      | 1023 ||| INVOKING Spit Poison.
  1028 | D:3      | 1028 ||| INVOKING Spit Poison.
  1031 | D:3      | 1031 ||| INVOKING Spit Poison.
  1037 | D:3      | 1037 ||| INVOKING Spit Poison.
  1044 | D:3      | 1044 ||| INVOKING Spit Poison.
  1049 | D:3      | 1049 ||| INVOKING Spit Poison.
  1053 | D:3      | HP: 9/40 [jackal (3)]
  1054 | D:3      | 1054 ||| DRINKING potion of heal wounds.
  1055 | D:3      | 1055 ||| INVOKING Spit Poison.
  1088 | D:3      | 1088 ||| INVOKING Spit Poison.
  1100 | D:3      | 1100 ||| INVOKING Spit Poison.
  1205 | D:3      | 1205 ||| INVOKING Spit Poison.
  1218 | D:3      | 1218 ||| INVOKING Spit Poison.
  1316 | D:3      | 1316 ||| INVOKING Spit Poison.
  1317 | D:3      | Reached skill level 3 in Fighting
  1317 | D:3      | Reached XP level 5. HP: 49/49 MP: 5/5
  1321 | D:3      | 1321 ||| INVOKING Spit Poison.
  1327 | D:3      | 1327 ||| INVOKING Spit Poison.
  1331 | D:3      | 1331 ||| INVOKING Spit Poison.
  1332 | D:3      | HP: 4/49 [orc priest/+0 flail (9)]
  1332 | D:3      | Slain by an orc priest

Levels and vault maps discovered:
D:1:      wheals_arrival_shading, layout_basic, chequers_ecumenical_altar_island
D:2:      layout_rooms
D:3:      layout_loops_ring, old_standard_altar, uniq_crazy_yiuf_cottage

Skill      XL: |  1  2  3  4 |
---------------+-------------+-----
Ranged Weapons | 4 5 |  5.2
Fighting       | 3 |  3.4
Dodging        | |  1.5
Stealth        | |  1.5

Action                     |  1- 3 |  4- 6 || total
---------------------------+-------+-------++-------
   Fire: Shortbow          |    56 |    50 ||   106
Ability: Spit Poison       |    22 |    15 ||    37
    Use: Scroll            |     4 |     2 ||     6
         Potion            |       |     3 ||     3
 Armour: Leather armour    |     4 |     7 ||    11
  Dodge: Dodged            |    10 |    34 ||    44

Table legend:
 A = Non-vault XP
 B = Vault XP
 C = Vault XP percentage of total XP
 D = Non-vault monster count
 E = Vault monster count
 F = Vault count percentage of total count
                 A         B        C        D         E       F
            +---------+---------+-------+---------+---------+-------
      Total |     216 |       0 |   0.0 |      58 |       0 |   0.0
            +---------+---------+-------+---------+---------+-------
        D:1 |      39 |       0 |   0.0 |      20 |       0 |   0.0
        D:2 |      45 |       0 |   0.0 |      15 |       0 |   0.0
        D:3 |     132 |       0 |   0.0 |      23 |       0 |   0.0
            +---------+---------+-------+---------+---------+-------
